[Event "International chess holiday M21"]
[Site "?"]
[Date "2018.07.27"]
[Round "9"]
[White "Sedlacek, Tomas"]
[Black "Philipp, Mathias"]
[Result "1/2-1/2"]
[ECO "D02"]
[WhiteElo "2033"]
[BlackElo "2073"]
[Annotator "Koller,Martin"]
[PlyCount "83"]
[TimeControl "240+2"]

{279MB} 1. d4 d5 2. Nf3 Nc6 3. Bf4 Bg4 4. Nbd2 e6 5. e3 Bd6 6. Be2 Nf6 7. Ne5
Bxe5 8. dxe5 Bxe2 9. Qxe2 Nd7 10. Nf3 Qe7 11. c3 O-O-O 12. O-O-O Nc5 13. Qc2
Ne4 14. Nd4 g5 15. Nxc6 bxc6 16. Bg3 Nc5 17. f4 g4 18. Rhf1 Ne4 19. Be1 Qc5 20.
Rd4 Qb5 21. Qd3 Qa5 22. Qc2 Qa6 23. Rh1 c5 24. Ra4 Qb7 25. Bh4 Rd7 26. Qb3 c4
27. Qxb7+ Kxb7 28. Kc2 Nc5 29. Ra3 Ra8 30. b3 a5 31. Rb1 cxb3+ 32. axb3 Ra6 33.
Rba1 Kb6 34. Be1 c6 35. b4 Nb7 36. Bf2 Kb5 37. Rb1 a4 38. Kd3 Ra8 39. Kc2 Ra6
40. Kd3 Rd8 41. Bh4 Rd7 42. Bf2 1/2-1/2

[Event "International chess holiday M21"]
[Site "?"]
[Date "2018.07.27"]
[Round "9"]
[White "Kures, Michael"]
[Black "Morling, Joakim"]
[Result "1/2-1/2"]
[ECO "D00"]
[WhiteElo "1982"]
[BlackElo "2040"]
[Annotator "Koller,Martin"]
[PlyCount "85"]
[TimeControl "240+2"]

{279MB} 1. d4 e6 2. f4 d5 3. e3 Nf6 4. Nf3 b6 5. Bd3 Ba6 6. O-O Bd6 7. c3 Bxd3
8. Qxd3 O-O 9. Nbd2 c5 10. Ne5 Qc7 11. h3 Nc6 12. g4 Nd7 13. Ndf3 f6 14. Nxc6
Qxc6 15. Rd1 Rae8 16. b3 b5 17. a4 b4 18. cxb4 cxb4 19. Bb2 Rc8 20. Rac1 Qb7
21. g5 Rxc1 22. Rxc1 e5 23. dxe5 fxe5 24. g6 d4 25. gxh7+ Kh8 26. Nh4 Rf6 27.
Ng6+ Rxg6+ 28. Qxg6 Qf3 29. exd4 Qe3+ 30. Kh2 Qxf4+ 31. Kh1 exd4 32. Qg2 Nf6
33. Rg1 Nh5 34. Re1 Ng3+ 35. Kg1 Kxh7 36. Qc2+ g6 37. Qf2 Qg5 38. Qf7+ Kh6 39.
h4 Ne2+ 40. Kf1 Ng3+ 41. Kg1 Ne2+ 42. Kf1 Ng3+ 43. Kg1 1/2-1/2

[Event "International chess holiday K21"]
[Site "?"]
[Date "2018.07.27"]
[Round "9"]
[White "Pacovsky, Ota"]
[Black "Kasparova, Tatiana"]
[Result "0-1"]
[ECO "B11"]
[WhiteElo "1743"]
[BlackElo "2090"]
[Annotator "Koller,Martin"]
[PlyCount "41"]
[TimeControl "240+2"]

{279MB} 1. e4 c6 2. d3 d5 3. Nd2 dxe4 4. Nxe4 Bf5 5. Ng3 Bg6 6. Nf3 Nf6 7. Bd2
e6 8. a3 Bc5 9. d4 Bxd4 10. Bg5 Bb6 11. Qe2 Nbd7 12. O-O-O Qc7 13. Nd4 O-O-O
14. Qc4 h6 15. Be3 Nd5 16. Bd3 Ne5 17. Qa4 Nxd3+ 18. cxd3 Nxe3 19. fxe3 Bxd4
20. exd4 Qf4+ 21. Kb1 0-1

[Event "International chess holiday K21"]
[Site "?"]
[Date "2018.07.27"]
[Round "9"]
[White "Sniegon, Adam"]
[Black "Thomasson, Staffan"]
[Result "1/2-1/2"]
[ECO "A40"]
[WhiteElo "1817"]
[BlackElo "1868"]
[Annotator "Koller,Martin"]
[PlyCount "79"]
[TimeControl "240+2"]

{279MB} 1. d4 g6 2. c4 Bg7 3. Nc3 c6 4. e4 d5 5. Be3 dxe4 6. Nxe4 Nf6 7. Nxf6+
exf6 8. Nf3 O-O 9. Be2 Nd7 10. O-O Nb6 11. b3 Re8 12. Rc1 Bg4 13. h3 Bf5 14.
Re1 Bf8 15. Bd3 Qd7 16. Qc2 Be6 17. Re2 Ba3 18. Rce1 Rad8 19. Nd2 Bb4 20. Ne4
Kg7 21. Rd1 Nc8 22. Qc1 Be7 23. Bb1 f5 24. Ng5 Bf6 25. Nxe6+ fxe6 26. Red2 Ne7
27. d5 cxd5 28. cxd5 Nxd5 29. Bxa7 Qe7 30. Bd4 Rc8 31. Rc2 Rxc2 32. Bxf6+ Qxf6
33. Qxc2 Re7 34. a3 Rc7 35. Qd2 Qc3 36. Ba2 Qe5 37. Re1 Qc3 38. Rd1 Qe5 39. Re1
Qc3 40. Rd1 1/2-1/2

[Event "International chess holiday K21"]
[Site "?"]
[Date "2018.07.27"]
[Round "9"]
[White "Kalvach, Ladislav"]
[Black "Docekalova, Alexandra"]
[Result "0-1"]
[ECO "C10"]
[WhiteElo "1805"]
[BlackElo "1893"]
[Annotator "Koller,Martin"]
[PlyCount "86"]
[TimeControl "240+2"]

{279MB} 1. e4 e6 2. d4 d5 3. Nd2 Be7 4. c3 Nf6 5. Bd3 dxe4 6. Nxe4 Nbd7 7. Ng3
O-O 8. Nf3 c5 9. O-O b6 10. Re1 Bb7 11. Ne5 cxd4 12. cxd4 Nb8 13. Bc4 Bd5 14.
Qb3 Bxc4 15. Qxc4 Qd5 16. Bg5 Qxc4 17. Nxc4 Nc6 18. Ne5 Nxd4 19. Bxf6 gxf6 20.
Ng4 Nc2 21. Rac1 Nxe1 22. Rxe1 Kg7 23. h4 f5 24. Nh5+ Kh8 25. Ne5 Rad8 26. Nc6
Rd7 27. g3 Bc5 28. Re2 h6 29. Kg2 Rd6 30. Ne5 Bd4 31. Nc4 Rc6 32. b3 Rfc8 33.
Rd2 e5 34. f4 b5 35. Nxe5 Bxe5 36. fxe5 Rc2 37. Rxc2 Rxc2+ 38. Kf3 Rxa2 39. Ke3
Ra3 40. Kd4 Rxb3 41. Kd5 a5 42. Kc5 a4 43. Nf4 a3 0-1

[Event "International chess holiday K22"]
[Site "?"]
[Date "2018.07.27"]
[Round "9"]
[White "Suchy, Ladislav"]
[Black "Ruzicka, Vaclav"]
[Result "0-1"]
[ECO "B17"]
[WhiteElo "1832"]
[BlackElo "1609"]
[Annotator "Koller,Martin"]
[PlyCount "94"]
[TimeControl "240+2"]

{279MB} 1. Nc3 d5 2. e4 c6 3. d4 dxe4 4. Nxe4 Nd7 5. Nf3 Ngf6 6. Ng3 g6 7. Bg5
Bg7 8. Qd2 h6 9. Be3 Nd5 10. Bc4 Nxe3 11. Qxe3 Nb6 12. Bb3 a5 13. Ne5 e6 14. c3
Qg5 15. f4 Qe7 16. O-O O-O 17. Ne4 Nd5 18. Qh3 Nf6 19. Bc2 Nxe4 20. Bxe4 Kh7
21. g4 f5 22. Bc2 Bxe5 23. fxe5 Bd7 24. Qg3 h5 25. gxh5 gxh5 26. Kf2 Rg8 27.
Qh3 Be8 28. Rg1 Bf7 29. Rg3 Rxg3 30. hxg3 Qg5 31. Rd1 Rg8 32. c4 Kh6 33. d5
cxd5 34. cxd5 exd5 35. Bxf5 Rf8 36. Kg2 Bg6 37. Bxg6 Qxg6 38. Qh1 Qe4+ 39. Kg1
Qe3+ 40. Kg2 Rf2+ 41. Kh3 Qg5 42. Rd4 Qf5+ 43. Kh4 Qc2 44. Kh3 Qf5+ 45. Kh4
Qxe5 46. Rxd5 Qf6+ 47. Kh3 Qe6+ 0-1

[Event "International chess holiday K21"]
[Site "?"]
[Date "2018.07.27"]
[Round "9"]
[White "Schoenmakers, Nico"]
[Black "Willockx, Ritsaart"]
[Result "0-1"]
[ECO "B06"]
[WhiteElo "1782"]
[BlackElo "1938"]
[Annotator "Koller,Martin"]
[PlyCount "74"]
[TimeControl "240+2"]

{279MB} 1. e4 g6 2. d4 Bg7 3. Nf3 c6 4. a4 d5 5. exd5 cxd5 6. c3 Nf6 7. h3 O-O
8. Bd3 Nc6 9. O-O e6 10. Re1 Bd7 11. Nbd2 Rc8 12. Nf1 Na5 13. Ne5 a6 14. Bg5 h6
15. Bh4 g5 16. Bg3 Nc4 17. Qe2 Nxe5 18. Bxe5 Ne8 19. Bh2 f5 20. f4 Nf6 21. fxg5
hxg5 22. Be5 Ne4 23. Bxg7 Kxg7 24. Bxe4 dxe4 25. Ne3 Rh8 26. Nc4 Rh6 27. Ne5
Qe7 28. Qe3 Be8 29. Ra3 Bf7 30. c4 Rch8 31. c5 Be8 32. b4 g4 33. hxg4 Rh1+ 34.
Kf2 f4 35. Qxe4 Qh4+ 36. g3 Qh2+ 37. Kf3 Qf2+ 0-1

[Event "International chess holiday K22"]
[Site "?"]
[Date "2018.07.27"]
[Round "9"]
[White "Hammermann, Christian"]
[Black "Sittinger, Lutz"]
[Result "1/2-1/2"]
[ECO "E18"]
[WhiteElo "1813"]
[BlackElo "1900"]
[Annotator "Koller,Martin"]
[PlyCount "31"]
[TimeControl "240+2"]

{279MB} 1. Nf3 d5 2. g3 b6 3. Bg2 Bb7 4. d4 e6 5. O-O Nf6 6. Bg5 Be7 7. c4 O-O
8. cxd5 exd5 9. Nc3 c6 10. Re1 Nbd7 11. Rc1 Re8 12. Qc2 h6 13. Bxf6 Nxf6 14.
Ne5 Bd6 15. f4 Rc8 16. Bh3 1/2-1/2

[Event "International chess holiday K22"]
[Site "?"]
[Date "2018.07.27"]
[Round "9"]
[White "Plesnivy, Martin"]
[Black "Hadzala, Daniel"]
[Result "0-1"]
[ECO "B07"]
[WhiteElo "1716"]
[BlackElo "2104"]
[Annotator "Koller,Martin"]
[PlyCount "66"]
[TimeControl "240+2"]

{279MB} 1. f4 d6 2. e4 Nf6 3. Nc3 c6 4. d4 Qa5 5. Bd2 Qb6 6. Nf3 Bg4 7. Na4 Qc7
8. Bd3 Nbd7 9. e5 dxe5 10. fxe5 Nd5 11. c4 N5b6 12. Ba5 Bxf3 13. gxf3 c5 14. b4
cxd4 15. O-O Qxe5 16. Be4 Nxc4 17. Rc1 Ne3 18. Qe2 e6 19. Bxb7 Rb8 20. Bc6 Bd6
21. Rf2 Ke7 22. Qa6 Rhc8 23. Qxa7 Rxc6 24. Rxc6 Qb5 25. Rxd6 Kxd6 26. Bc7+ Ke7
27. Bxb8 Qxb4 28. Re2 Qb1+ 29. Kf2 Qf1+ 30. Kg3 Nf5+ 31. Kf4 Qxe2 32. Nc5 Qxh2+
33. Kg4 Qh4# 0-1

[Event "International chess holiday K22"]
[Site "?"]
[Date "2018.07.27"]
[Round "9"]
[White "Hager, Eberhard"]
[Black "Pribyl, Jaroslav"]
[Result "0-1"]
[ECO "B12"]
[WhiteElo "1800"]
[BlackElo "1927"]
[Annotator "Koller,Martin"]
[PlyCount "74"]
[TimeControl "240+2"]

{279MB} 1. e4 c6 2. d4 d5 3. e5 Bf5 4. Nf3 e6 5. Bd3 Bxd3 6. Qxd3 Qa5+ 7. Bd2
Qa6 8. Qxa6 Nxa6 9. a3 c5 10. dxc5 Bxc5 11. O-O h5 12. Nc3 Nc7 13. Na4 Bf8 14.
Rac1 b5 15. Nc3 Ne7 16. Nd4 a6 17. Kh1 Kd7 18. Nce2 Nc6 19. Nxc6 Kxc6 20. f4 g6
21. Rf3 Be7 22. Ra1 Rhc8 23. a4 Kd7 24. Ba5 Rab8 25. axb5 axb5 26. Bxc7 Rxc7
27. c3 b4 28. h3 bxc3 29. bxc3 Rb2 30. Nd4 Bc5 31. Rd3 Bxd4 32. cxd4 Rbc2 33.
Ra4 h4 34. Kg1 Rc1+ 35. Kf2 R7c2+ 36. Kf3 Rf1+ 37. Kg4 Rxg2+ 0-1

[Event "International chess holiday K22"]
[Site "?"]
[Date "2018.07.27"]
[Round "9"]
[White "Van Den Eede, Gerrit"]
[Black "Ekberg, Karl"]
[Result "1/2-1/2"]
[ECO "B11"]
[WhiteElo "1826"]
[BlackElo "1838"]
[Annotator "Koller,Martin"]
[PlyCount "67"]
[TimeControl "240+2"]

{279MB} 1. e4 c6 2. Nf3 d5 3. Nc3 Bg4 4. Be2 e6 5. d3 Qc7 6. Bg5 f6 7. Bh4 Bd6
8. Nd4 Bxe2 9. Qxe2 g5 10. Qh5+ Qf7 11. Qxf7+ Kxf7 12. Bg3 Bxg3 13. fxg3 Ne7
14. Rf1 Nd7 15. Kd2 h5 16. exd5 exd5 17. Rae1 Rhg8 18. Rf2 Rae8 19. Nd1 Kg6 20.
Ne3 a6 21. g4 h4 22. Rfe2 Nc8 23. Nef5 Re5 24. Nf3 Rxe2+ 25. Rxe2 c5 26. c3
Ndb6 27. b4 cxb4 28. cxb4 Rd8 29. N3d4 Rd7 30. Ne6 Kf7 31. Nh6+ Kg6 32. Nf5 Kf7
33. Nh6+ Kg6 34. Nf5 1/2-1/2

[Event "International chess holiday K21"]
[Site "?"]
[Date "2018.07.27"]
[Round "9"]
[White "Koper, Stefan"]
[Black "Krnak, Vit"]
[Result "0-1"]
[ECO "E70"]
[WhiteElo "1830"]
[BlackElo "1705"]
[Annotator "Koller,Martin"]
[PlyCount "51"]
[TimeControl "240+2"]

{279MB} 1. d4 Nf6 2. c4 g6 3. Nc3 Bg7 4. e4 d6 5. Nge2 O-O 6. Ng3 c5 7. d5 Na6
8. Be2 Nc7 9. Nf1 h5 10. h3 Bd7 11. g4 hxg4 12. hxg4 Qc8 13. f3 a5 14. a4 Rb8
15. Ng3 b5 16. g5 Nfe8 17. Bd3 bxc4 18. Bxc4 Rb4 19. Qe2 f6 20. gxf6 Nxf6 21.
Nd1 Rxa4 22. Rxa4 Bxa4 23. b3 Bb5 24. Ne3 Kf7 25. f4 Rh8 26. Rxh8 neèitelné 0-1

[Event "International chess holiday M31"]
[Site "?"]
[Date "2018.07.29"]
[Round "1"]
[White "Guenther, Andreas"]
[Black "Zajicek, Karel"]
[Result "1-0"]
[ECO "D94"]
[WhiteElo "2138"]
[BlackElo "1979"]
[Annotator "Koller,Martin"]
[PlyCount "45"]
[TimeControl "240+2"]

{279MB} 1. d4 Nf6 2. Nf3 d5 3. e3 g6 4. c4 Bg7 5. Qb3 O-O 6. cxd5 Nxd5 7. Nc3
Nb6 8. Be2 Nc6 9. O-O Be6 10. Qd1 Nd5 11. Bd2 Nxc3 12. Bxc3 Bd5 13. Qc2 f5 14.
b4 e5 15. dxe5 Qe7 16. Rfd1 Bf7 17. Rac1 a6 18. Bd4 Nxb4 19. Qxc7 Qxc7 20. Rxc7
Nxa2 21. e6 Bxd4 22. exf7+ Rxf7 23. Bc4 1-0

[Event "International chess holiday M31"]
[Site "?"]
[Date "2018.07.29"]
[Round "1"]
[White "Hentzgen, Thomas"]
[Black "Schafer, Sven"]
[Result "1/2-1/2"]
[ECO "E97"]
[WhiteElo "2028"]
[BlackElo "2008"]
[Annotator "Koller,Martin"]
[PlyCount "65"]
[TimeControl "240+2"]

{279MB} 1. d4 Nf6 2. c4 g6 3. Nc3 Bg7 4. e4 d6 5. Nf3 O-O 6. Be2 e5 7. O-O Nc6
8. d5 Ne7 9. Bg5 a5 10. a3 Nd7 11. Nd2 f5 12. f3 Bf6 13. Be3 f4 14. Bf2 g5 15.
b4 axb4 16. axb4 Rxa1 17. Qxa1 Ng6 18. c5 Be7 19. Qa7 Nf6 20. Nc4 h5 21. Na5 g4
22. Nxb7 Bxb7 23. Qxb7 g3 24. hxg3 fxg3 25. Bxg3 dxc5 26. Nb5 Ne8 27. Rd1 cxb4
28. d6 Bxd6 29. Qd5+ Kg7 30. Bxe5+ Nxe5 31. Qxe5+ Bxe5 32. Rxd8 Rf5 33. Rd2
1/2-1/2

[Event "International chess holiday M31"]
[Site "?"]
[Date "2018.07.29"]
[Round "1"]
[White "Chudinovskikh, Alexander"]
[Black "Michalek, Frantisek"]
[Result "1/2-1/2"]
[ECO "C54"]
[WhiteElo "2237"]
[BlackElo "2023"]
[Annotator "Koller,Martin"]
[PlyCount "112"]
[TimeControl "240+2"]

{279MB} 1. e4 e5 2. Bc4 Nf6 3. d3 Bc5 4. Nf3 Nc6 5. O-O d6 6. c3 a6 7. Bb3 h6
8. d4 Ba7 9. dxe5 dxe5 10. Qxd8+ Nxd8 11. Re1 Nd7 12. Nbd2 O-O 13. Nc4 Nc6 14.
Ne3 Bxe3 15. Bxe3 Nf6 16. Bc5 Rd8 17. Nh4 Be6 18. Bxe6 fxe6 19. Nf3 Rd7 20. Ba3
Rad8 21. b3 Ne8 22. Bb2 Nd6 23. Rad1 Nf7 24. Rxd7 Rxd7 25. Kf1 Kf8 26. Ba3+ Ke8
27. g4 Rd3 28. Re3 Rxe3 29. fxe3 g5 30. Ke2 Nb8 31. Nd2 Nd7 32. Nf1 Nf6 33. Kf3
h5 34. gxh5 Nxh5 35. h3 Nf6 36. c4 Nh6 37. Nh2 Kf7 38. Bb2 Nd7 39. Bc3 Kg6 40.
a4 Kh5 41. Kg3 Nc5 42. Bxe5 Nxb3 43. Bxc7 Nc5 44. a5 Nxe4+ 45. Kf3 Nd2+ 46. Ke2
Nxc4 47. Kd3 Na3 48. Nf3 Nb5 49. Bd8 g4 50. hxg4+ Nxg4 51. Nd4 Ne5+ 52. Ke4
Nxd4 53. exd4 Nc6 54. Bb6 Kg5 55. d5 exd5+ 56. Kxd5 Nxa5 1/2-1/2

[Event "International chess holiday M31"]
[Site "?"]
[Date "2018.07.29"]
[Round "1"]
[White "Thomasson, Staffan"]
[Black "Jayaram, Ramanna"]
[Result "0-1"]
[ECO "A20"]
[WhiteElo "1868"]
[BlackElo "1984"]
[Annotator "Koller,Martin"]
[PlyCount "130"]
[TimeControl "240+2"]

{279MB} 1. c4 e5 2. g3 Nf6 3. Bg2 c6 4. d4 e4 5. Nh3 d5 6. O-O Be7 7. Nc3 O-O
8. cxd5 cxd5 9. Bg5 Nc6 10. Nf4 Be6 11. f3 Qb6 12. fxe4 dxe4 13. Nxe6 fxe6 14.
e3 Qxb2 15. Nxe4 Nxe4 16. Bxe7 Rxf1+ 17. Qxf1 Nd2 18. Qc1 Qxc1+ 19. Rxc1 Nxe7
20. Rc2 Nb1 21. Rb2 Nc3 22. Rxb7 Ned5 23. e4 Nf6 24. e5 Nfd5 25. Bh3 Ne2+ 26.
Kf2 Nxd4 27. Rd7 Kf8 28. Bxe6 Nxe6 29. Rxd5 Rd8 30. Ra5 Rd7 31. Ke3 Ke7 32. h4
h5 33. Ke4 g6 34. Ke3 Rc7 35. Ra6 Kf7 36. Ra5 Ng7 37. Kf4 Ne6+ 38. Ke3 Nf8 39.
Kd4 Ke6 40. Ra6+ Ke7 41. Kd5 Rd7+ 42. Ke4 Ne6 43. Ke3 Rc7 44. Ra5 Kd7 45. Ra6
Rb7 46. Rd6+ Ke7 47. Ra6 Kf7 48. Ra5 Nc7 49. Ke4 a6 50. Rc5 Rb4+ 51. Ke3 Ne6
52. Ra5 Rb6 53. Ke4 Rb5 54. Ra3 a5 55. Rf3+ Ke7 56. Ra3 a4 57. Rc3 Rb2 58. Ra3
Rb4+ 59. Ke3 Rg4 60. Kf2 Nc5 61. Re3 Ke6 62. Kg2 Re4 63. Rc3 Rxe5 64. Rc2 Kd5
65. Rd2+ Kc4 0-1

[Event "International chess holiday M31"]
[Site "?"]
[Date "2018.07.29"]
[Round "1"]
[White "Knechtel, Roland"]
[Black "Hartwig, Maik"]
[Result "0-1"]
[ECO "E61"]
[WhiteElo "2237"]
[BlackElo "2092"]
[Annotator "Koller,Martin"]
[PlyCount "136"]
[TimeControl "240+2"]

{279MB} 1. d4 g6 2. c4 Bg7 3. Nc3 d6 4. Bg5 Nf6 5. Nf3 O-O 6. e3 c6 7. Be2 h6
8. Bh4 Bf5 9. Qb3 Qb6 10. Qxb6 axb6 11. a3 g5 12. Bg3 Nh5 13. O-O-O Nd7 14. Ne1
Nxg3 15. hxg3 Nf6 16. Bd3 Bxd3 17. Nxd3 Ng4 18. Rde1 f5 19. f3 Nf6 20. Kc2 Nd7
21. Nf2 Kh7 22. g4 e6 23. gxf5 exf5 24. Kd3 Rae8 25. b3 Kg6 26. e4 f4 27. Rd1
Ra8 28. a4 Rad8 29. Kc2 Nf6 30. Nd3 Ne8 31. d5 Bxc3 32. Kxc3 c5 33. e5 Ng7 34.
exd6 Rxd6 35. Rde1 Nf5 36. a5 bxa5 37. Nxc5 Rc8 38. Re6+ Rxe6 39. Nxe6 Ne3 40.
d6 Nd5+ 41. Kd4 Nf6 42. c5 Re8 43. Nc7 Re2 44. Rg1 Nd7 45. Nd5 Rd2+ 46. Kc4
Ne5+ 47. Kb5 Rxd5 48. Kb6 Nd7+ 49. Kxb7 Rxc5 50. Re1 Kf6 51. Re7 Ne5 52. Rh7
Ke6 53. Rxh6+ Kd7 54. Kb6 Rd5 55. Rh5 Nf7 56. Rh7 Ke6 57. Rg7 Nxd6 58. Rg6+ Kf7
59. Rh6 Nf5 60. Rh7+ Kg6 61. Ra7 Rd3 62. Rxa5 Rxb3+ 63. Kc5 Rb2 64. Kd5 Rxg2
65. Ra6+ Kh5 66. Ke5 Nh4 67. Ra3 Rf2 68. Ke4 Nxf3 0-1

[Event "International chess holiday K31"]
[Site "?"]
[Date "2018.07.29"]
[Round "1"]
[White "Spindler, Markus"]
[Black "Hapke, Ralf"]
[Result "1/2-1/2"]
[ECO "B01"]
[WhiteElo "1973"]
[BlackElo "1852"]
[Annotator "Koller,Martin"]
[PlyCount "65"]
[TimeControl "240+2"]

{279MB} 1. e4 d5 2. exd5 Qxd5 3. Nc3 Qa5 4. d4 Bf5 5. Nf3 e6 6. Bd3 Bb4 7. O-O
Nf6 8. Ne2 Bxd3 9. Qxd3 c6 10. c3 Bd6 11. Bf4 Bxf4 12. Nxf4 Nbd7 13. Rfe1 O-O
14. Qe2 Rad8 15. b4 Qf5 16. Nd3 Nd5 17. Rac1 Nf4 18. Nxf4 Qxf4 19. Qe3 Qxe3 20.
fxe3 Rfe8 21. e4 e5 22. d5 cxd5 23. exd5 e4 24. Nd4 Ne5 25. Rxe4 Rxd5 26. c4
Rd7 27. Rce1 f6 28. c5 a5 29. a3 axb4 30. axb4 Ra8 31. Nf5 Rd2 32. R4e2 Rxe2
33. Rxe2 1/2-1/2

[Event "International chess holiday K31"]
[Site "?"]
[Date "2018.07.29"]
[Round "1"]
[White "Hadzala, Daniel"]
[Black "Vit , Zdenek"]
[Result "1-0"]
[ECO "A07"]
[WhiteElo "2104"]
[BlackElo "1705"]
[Annotator "Koller,Martin"]
[PlyCount "51"]
[TimeControl "240+2"]

{279MB} 1. Nf3 Nf6 2. g3 g6 3. Bg2 Bg7 4. O-O O-O 5. d3 d5 6. Nbd2 c6 7. e4
dxe4 8. dxe4 Bg4 9. Re1 Nfd7 10. h3 Bxf3 11. Qxf3 e5 12. h4 h5 13. Nf1 Na6 14.
Bg5 Bf6 15. Be3 Nac5 16. Rad1 Qe7 17. b4 Ne6 18. Rxd7 Qxd7 19. Qxf6 Qc7 20. Bh6
Rfe8 21. g4 hxg4 22. Nh2 Qe7 23. Nxg4 Kh7 24. Bg5 Nxg5 25. hxg5 Qc7 26. Re3 1-0

[Event "International chess holiday K31"]
[Site "?"]
[Date "2018.07.29"]
[Round "1"]
[White "Nelson, Wayne"]
[Black "Hejsek, Lukas"]
[Result "1/2-1/2"]
[ECO "A57"]
[WhiteElo "2009"]
[BlackElo "1704"]
[Annotator "Koller,Martin"]
[PlyCount "39"]
[TimeControl "240+2"]

{279MB} 1. d4 c5 2. d5 Nf6 3. c4 b5 4. cxb5 a6 5. b6 Qxb6 6. Nc3 g6 7. Nf3 d6
8. e4 Bg7 9. Be2 O-O 10. O-O Nbd7 11. Qc2 Ng4 12. b3 Nde5 13. Bb2 Rb8 14. Nxe5
Nxe5 15. h3 c4 16. Na4 cxb3 17. Qxc8 Rfxc8 18. Nxb6 Rxb6 19. axb3 Rxb3 20. Bxe5
1/2-1/2

[Event "International chess holiday K31"]
[Site "?"]
[Date "2018.07.29"]
[Round "1"]
[White "Skopec, Lubos"]
[Black "Koper, Stefan"]
[Result "1/2-1/2"]
[ECO "B12"]
[WhiteElo "1981"]
[BlackElo "1830"]
[Annotator "Koller,Martin"]
[PlyCount "85"]
[TimeControl "240+2"]

{279MB} 1. e4 c6 2. d4 Na6 3. Nc3 Nc7 4. Nf3 d5 5. h3 g6 6. Bd3 Bg7 7. e5 a6 8.
Be3 Ne6 9. Ne2 b5 10. b4 f6 11. O-O Nh6 12. c3 f5 13. Qd2 Nf7 14. g3 h6 15. Nh4
Nf8 16. Qc2 e6 17. f4 h5 18. Nc1 Bh6 19. Nf3 g5 20. fxg5 Nxg5 21. Nxg5 Bxg5 22.
Bxg5 Qxg5 23. Qf2 Ra7 24. Kh2 h4 25. Ne2 hxg3+ 26. Qxg3 Qxg3+ 27. Kxg3 Rg7+ 28.
Kh2 Rgh7 29. Nf4 Rh6 30. Rg1 R8h7 31. Rg3 Kf7 32. Rag1 Rh4 33. Rf3 Bd7 34. Ng2
R4h6 35. Nf4 Rh4 36. Rgg3 Rh8 37. Rf2 Be8 38. Ng2 R4h6 39. Nf4 Ke7 40. Be2 Bf7
41. Rfg2 Rh4 42. Rf2 R4h6 43. Rfg2 1/2-1/2

[Event "International chess holiday K31"]
[Site "?"]
[Date "2018.07.29"]
[Round "1"]
[White "Pokorny, Jan"]
[Black "Reljic, Michael"]
[Result "1/2-1/2"]
[ECO "D03"]
[WhiteElo "1879"]
[BlackElo "1866"]
[Annotator "Koller,Martin"]
[PlyCount "110"]
[TimeControl "240+2"]

{279MB} 1. Nf3 d5 2. d4 Nf6 3. Bg5 e6 4. Nbd2 c5 5. e3 Nc6 6. b3 b6 7. Ne5 Bd7
8. Nxd7 Qxd7 9. Bxf6 gxf6 10. dxc5 bxc5 11. Bb5 Bg7 12. O-O O-O 13. c4 Qb7 14.
cxd5 exd5 15. Bd3 Ne7 16. Qh5 Ng6 17. Nf3 Rac8 18. Rac1 Rfd8 19. Nh4 Qb4 20.
Nf5 a5 21. Nxg7 Kxg7 22. Bf5 Rc6 23. Rfd1 Rcd6 24. h3 c4 25. Qg4 c3 26. Rd4 Qc5
27. h4 Kh8 28. Rc2 Rg8 29. Bxg6 fxg6 30. h5 f5 31. Qf4 Kg7 32. Qe5+ Kf7 33.
hxg6+ hxg6 34. Rd3 Re8 35. Qxc3 Qxc3 36. Rcxc3 Ke6 37. Rd4 Ra8 38. Rc7 Ke5 39.
f4+ Ke6 40. Kf2 a4 41. b4 a3 42. Rc3 Rb6 43. Rb3 Rb5 44. Kf3 Ra4 45. g4 Kf6 46.
g5+ Ke6 47. Rdd3 Rbxb4 48. Rxa3 d4 49. Rxa4 Rxa4 50. a3 dxe3 51. Kxe3 Ke7 52.
Kf3 Ke6 53. Kg3 Ke7 54. Rf3 Kf7 55. Kf2 Re4 1/2-1/2

[Event "International chess holiday M31"]
[Site "?"]
[Date "2018.07.29"]
[Round "2"]
[White "Michalek, Frantisek"]
[Black "Hartwig, Maik"]
[Result "1/2-1/2"]
[ECO "B08"]
[WhiteElo "2023"]
[BlackElo "2092"]
[Annotator "Koller,Martin"]
[PlyCount "23"]
[TimeControl "240+2"]

{279MB} 1. e4 g6 2. d4 Bg7 3. Nc3 d6 4. Nf3 Nf6 5. h3 O-O 6. Be2 c6 7. a4 b6 8.
O-O Qc7 9. Bf4 Nbd7 10. e5 dxe5 11. Nxe5 Nxe5 12. Bxe5 1/2-1/2

[Event "International chess holiday M31"]
[Site "?"]
[Date "2018.07.29"]
[Round "2"]
[White "Zajicek, Karel"]
[Black "Thomasson, Staffan"]
[Result "1-0"]
[ECO "B06"]
[WhiteElo "1979"]
[BlackElo "1868"]
[Annotator "Koller,Martin"]
[PlyCount "75"]
[TimeControl "240+2"]

{279MB} 1. e4 g6 2. d4 Bg7 3. Nc3 c6 4. Bc4 d6 5. Nf3 Nd7 6. Ng5 d5 7. Qf3 Nh6
8. exd5 Nb6 9. dxc6 Nxc4 10. cxb7 Bxb7 11. Qxb7 O-O 12. Qd5 Qc8 13. Nf3 Rd8 14.
Qe4 Nf5 15. Ne2 Rb8 16. b3 Ncd6 17. Qd3 Nb5 18. c3 e5 19. Bb2 exd4 20. Nfxd4
Nbxd4 21. cxd4 Qd7 22. Rd1 Rb6 23. O-O Rd6 24. Ba3 Rd5 25. Qc4 Rc8 26. Qa6 Rc2
27. Rc1 Rxc1 28. Rxc1 Bxd4 29. Rc8+ Kg7 30. Bf8+ Kg8 31. Bh6+ Qd8 32. Rxd8+
Rxd8 33. Nxd4 Nxh6 34. Qf6 Rd5 35. h3 Nf5 36. Nxf5 Rxf5 37. Qd8+ Kg7 38. Qd4+
1-0

[Event "International chess holiday M31"]
[Site "?"]
[Date "2018.07.29"]
[Round "2"]
[White "Chudinovskikh, Alexander"]
[Black "Gunther, Andreas"]
[Result "1/2-1/2"]
[ECO "B01"]
[WhiteElo "2237"]
[BlackElo "2138"]
[Annotator "Koller,Martin"]
[PlyCount "68"]
[TimeControl "240+2"]

{279MB} 1. e4 d5 2. exd5 Qxd5 3. Nc3 Qa5 4. Nf3 Nf6 5. g3 Bg4 6. Bg2 Nc6 7. h3
Bxf3 8. Qxf3 e6 9. O-O Rd8 10. d3 Be7 11. Bf4 O-O 12. a3 Rd7 13. b4 Qf5 14. Ne2
Nd5 15. Bd2 Qxf3 16. Bxf3 Bf6 17. Rab1 Ne5 18. Be4 c6 19. f4 Ng6 20. c4 Nb6 21.
Be3 Rfd8 22. b5 Nc8 23. bxc6 bxc6 24. Rb3 Nge7 25. g4 g6 26. Rb8 Nb6 27. Rxd8+
Rxd8 28. Rb1 Nec8 29. Kf2 Be7 30. Rb3 c5 31. Nc3 f5 32. gxf5 gxf5 33. Bf3 Rxd3
34. Be2 Rd7 1/2-1/2

[Event "International chess holiday M31"]
[Site "?"]
[Date "2018.07.29"]
[Round "2"]
[White "Jayaram, Ramanna"]
[Black "Henztgen, Thomas"]
[Result "1-0"]
[ECO "A43"]
[WhiteElo "1984"]
[BlackElo "2028"]
[Annotator "Koller,Martin"]
[PlyCount "73"]
[TimeControl "240+2"]

{279MB} 1. d4 e6 2. e4 c5 3. d5 exd5 4. exd5 d6 5. c4 Nf6 6. Nc3 Be7 7. Qa4+
Bd7 8. Qb3 Qc7 9. Bf4 O-O 10. Nf3 Qa5 11. Bd3 Na6 12. O-O Rab8 13. Rfe1 Nh5 14.
Rxe7 Nxf4 15. Bxh7+ Kxh7 16. Rxd7 Kg8 17. Qb5 Qxb5 18. Nxb5 Nb4 19. Nxd6 b5 20.
g3 Nc2 21. Rd1 Ne2+ 22. Kf1 Ned4 23. Nxd4 Nxd4 24. Nxb5 Nxb5 25. cxb5 Rxb5 26.
Rd2 a5 27. d6 Rb4 28. Rc7 Rd4 29. Rxd4 cxd4 30. Ke2 Rd8 31. d7 Kf8 32. Kd3 Ke7
33. Kxd4 Rb8 34. b3 a4 35. Kc3 axb3 36. axb3 g5 37. Rc8 1-0

[Event "International chess holiday M31"]
[Site "?"]
[Date "2018.07.29"]
[Round "2"]
[White "Schaefer, Sven"]
[Black "Knechtel, Roland"]
[Result "1/2-1/2"]
[ECO "B19"]
[WhiteElo "2008"]
[BlackElo "2237"]
[Annotator "Koller,Martin"]
[PlyCount "113"]
[TimeControl "240+2"]

{279MB} 1. e4 c6 2. d4 d5 3. Nc3 dxe4 4. Nxe4 Bf5 5. Ng3 Bg6 6. h4 h6 7. Nf3
Nd7 8. h5 Bh7 9. Bd3 Bxd3 10. Qxd3 e6 11. Bd2 Ngf6 12. Ne4 Nxe4 13. Qxe4 Nf6
14. Qe2 Qb6 15. O-O-O c5 16. Qc4 cxd4 17. Qa4+ Qc6 18. Qxc6+ bxc6 19. Nxd4 Bc5
20. Be3 Ng4 21. Rhe1 Rc8 22. f3 Nf6 23. g4 O-O 24. Nb3 Bxe3+ 25. Rxe3 Nd5 26.
Re4 c5 27. Nd2 Rc6 28. Ra4 Rc7 29. Re4 Rc6 30. Ra4 Rc7 31. Re4 Rb8 32. a3 Kf8
33. Nc4 Nb6 34. Rd2 Ke7 35. Nxb6 axb6 36. c4 Rf8 37. Re3 f5 38. Rg2 fxg4 39.
Rxg4 Kd6 40. Rge4 Rf6 41. Rd3+ Ke7 42. Rde3 Rc6 43. Re5 Rf4 44. R5e4 Rf5 45.
Re5 Rxe5 46. Rxe5 Kf6 47. Re4 g6 48. hxg6 Kxg6 49. Kd2 Kf5 50. Ke3 e5 51. Rh4
Kg5 52. Rg4+ Kf5 53. Rh4 Re6 54. Rh5+ Kg6 55. Rh2 Kf5 56. Rh5+ Kg6 57. Rh2
1/2-1/2